 Dungeon Crawl Stone Soup version 0.31-a0-1074-g0b22e4e0f1 (webtiles) character file.

Game seed: 7739693812748192450

217 Lobster4 the Shooter (level 5, -5/46 HPs)
             Began as a Minotaur Hunter on Nov 29, 2023.
             Killed by divine providence
             ... invoked by an orc priest
              (16 damage)
             ... on level 3 of the Dungeon.
             The game lasted 00:04:40 (1587 turns).

Lobster4 the Shooter (Minotaur Hunter)              Turns: 1587, Time: 00:04:41

Health: -5/46      AC:  5    Str: 22    XL:     5   Next: 61%
Magic:  4/4        EV: 12    Int:  6    God:
Gold:   78         SH:  0    Dex: 15    Spells: 4/4 levels left

rFire   . . .        a - +0 longbow
rCold   . . .        (shield currently unavailable)
rNeg    . . .        f - +0 ring mail
rPois   .            (helmet restricted)
rElec   .            (no cloak)
rCorr   .            (no gloves)
SInv    .            (no boots)
Will    .....        (no amulet)
Stlth   +            p - +6 ring of strength
HPRegen 0.27/turn    (no ring)
MPRegen 0.09/turn

%: no passive effects
@: no status effects
A: horns 2, retaliatory headbutt
a: no special abilities


You were on level 3 of the Dungeon.
You visited 1 branch of the dungeon, and saw 3 of its levels.

You collected 78 gold pieces.

Inventory:

Hand Weapons
 a - a +0 longbow (weapon)
 b - a +2 spear of venom
 d - a +0 dagger
 e - a +0 sling
 q - a +0 shortbow
Missiles
 i - 9 stones
Armour
 c - a +0 leather armour
 f - a +0 ring mail (worn)
Jewellery
 p - a +6 ring of strength (left hand)
Scrolls
 g - a scroll of butterflies
 j - 2 scrolls of teleportation {unknown}
 l - a scroll of vulnerability {unknown}
 m - a scroll of blinking {unknown}
 n - 3 scrolls of identify {unknown}
 t - a scroll of amnesia {unknown}
Potions
 h - a potion of attraction {unknown}
 k - a potion of might {unknown}
 o - 2 potions of berserk rage {unknown}
 r - a potion of brilliance {unknown}
 s - a potion of lignification {unknown}


   Skills:
 + Level 3.7 Fighting
 * Level 5.8 Ranged Weapons
 + Level 2.7 Armour
 + Level 3.5 Dodging
 - Level 1.0 Stealth


You had 4 spell levels left.
You didn't know any spells.
Your spell library contained the following spells:

 Spells                   Type           Power      Damage    Failure   Level
 Shock                    Conj/Air       0%         1d3       61%         1
 Blink                    Tloc           0%         N/A       75%         2
 Swiftness                Air            0%         N/A       93%         3
 Airstrike                Air            0%         2d(0-16)  100%        4
 Manifold Assault         Tloc           0%         N/A       100%        4


Dungeon Overview and Level Annotations

Branches:
Dungeon (3/15)

Altars:

Annotations:
D:1 exclusion: lindwurm


Innate Abilities, Weirdness & Mutations

You have a pair of horns on your head.
You reflexively headbutt those who attack you in melee.


Message History

The orc wizard closely misses you.
You shoot an arrow. The arrow hits the orc wizard.
The orc wizard is almost dead.
The orc wizard hits you with a +0 dagger.
The orc priest looks satisfied for a moment.
The orc wizard closely misses you.
You shoot an arrow. The arrow hits the orc wizard.
You kill the orc wizard!
You shoot an arrow. The arrow barely misses the orc.
The arrow completely misses the orc.
The arrow closely misses the orc.
The arrow closely misses the orc priest.
You shoot an arrow. The arrow barely misses the orc.
The arrow hits the orc!
You kill the orc!
The orc hits you with a +0 club.
You shoot an arrow. The arrow closely misses the orc.
The arrow hits the orc.
The orc is heavily wounded.
The orc closely misses you. You furiously retaliate!
You headbutt the orc, but do no damage. You shoot an arrow.
The arrow hits the orc!
You kill the orc!
The orc priest invokes the aid of Beogh against you.
Beogh smites you! The orc closely misses you.
You shoot an arrow. The arrow hits the orc.
You kill the orc!
You shoot an arrow. The arrow hits the orc priest!
The orc priest is severely wounded.
The orc priest invokes the aid of Beogh against you.
Beogh smites you!
The orc priest mumbles some strange prayers to Beogh against you.
Pain shoots through your body!
* * * LOW HITPOINT WARNING * * *
You are too injured to fight recklessly!
You are too injured to fight recklessly!
You are too injured to fight recklessly!
You shoot an arrow. The arrow barely misses the orc priest.
You shoot an arrow. The arrow barely misses the orc priest.
The orc priest misses you.
The orc priest mumbles some strange prayers to Beogh against you.
Beogh smites you!
You die...

##...## #.....###
#....... ..
#######.....# #.
...........# #.
#.#####......#######.
..................##.
...#####.......###.##.
.>..).o@....#..#
#.##.##
...#####.#.##..#
#.##...
###.##..###.#####
#.###.##.#.###. ..#
#)#.###.##. ### #.)##
##... #.#.###.##.
~######.##.#.###.
~~P.....)###.## ##


You could see an orc priest.

Vanquished Creatures
  Jessica (D:2)
  Terence (D:2)
  An orc wizard (D:3)
  7 adders
  2 worms (D:2)
  A dart slug (D:2)
  6 orcs (D:3)
  5 endoplasms
  2 giant cockroaches
  5 goblins
  9 hobgoblins
  4 jackals (D:2)
  4 kobolds
  A quokka (D:2)
  7 ball pythons
  4 bats
  4 frilled lizards
  3 rats
67 creatures vanquished.

Notes
Turn   | Place    | Note
-------+----------+-------------------------------------------
     0 | D:1      | Lobster4 the Minotaur Hunter began the quest for the Orb.
     0 | D:1      | Reached XP level 1. HP: 18/18 MP: 0/0
     6 | D:1      | Noticed a hog
     6 | D:1      | Noticed a water moccasin
     6 | D:1      | Noticed an iguana
     7 | D:1      | Noticed a lindwurm
     7 | D:1      | Noticed a redback
    60 | D:1      | Reached skill level 1 in Stealth
   101 | D:1      | Reached XP level 2. HP: 25/25 MP: 1/1
   194 | D:1      | Reached skill level 1 in Armour
   514 | D:2      | Reached XP level 3. HP: 27/30 MP: 2/2
   677 | D:2      | Noticed Terence
   684 | D:2      | Killed Terence
   685 | D:2      | Reached skill level 5 in Ranged Weapons
   727 | D:2      | Noticed Jessica
   735 | D:2      | Killed Jessica
   736 | D:2      | Reached XP level 4. HP: 38/38 MP: 3/3
  1058 | D:2      | Reached XP level 5. HP: 45/45 MP: 4/4
  1587 | D:3      | Killed from afar by an orc priest

Illustrated notes

Levels and vault maps discovered:
D:1:      onia_arrival_zoo_common, layout_rooms
D:2:      layout_loops_cross, st_stairs_11, uniq_terence, uniq_jessica
D:3:      layout_loops_ring, kennysheep_path_1, serial_bayou_pond_c

Skill      XL: |  1  2  3  4 |
---------------+-------------+-----
Stealth        | 1 |  1.0
Armour         | 1 2 |  2.7
Fighting       | 3 |  3.7
Ranged Weapons | 5 |  5.8
Dodging        | 3 |  3.5

Action                     |  1- 3 |  4- 6 || total
---------------------------+-------+-------++-------
  Melee: Spear             |     4 |       ||     4
         Headbutt          |     2 |       ||     2
   Fire: Shortbow          |    90 |     6 ||    96
         Longbow           |       |    88 ||    88
    Use: Scroll            |       |     1 ||     1
 Armour: Leather armour    |     6 |       ||     6
         Ring mail         |     5 |    27 ||    32
  Dodge: Dodged            |    13 |    28 ||    41

Table legend: (Time is in decaauts)
 A = Elapsed time spent in this place.
 B = Non-inter-level travel time spent in this place.
 C = Inter-level travel time spent in this place.
 D = Time resting spent in this place.
 E = Time spent auto-exploring this place.
 F = Levels seen in this place.
 G = Mean time per level.
                   A        B        C        D        E       F      G
               +--------+--------+--------+--------+--------+-----+--------+
         Total |   1650 |   1609 |     41 |      0 |   1220 |   3 |  550.0 |
       Dungeon |   1650 |   1609 |     41 |      0 |   1220 |   3 |  550.0 |
               +--------+--------+--------+--------+--------+-----+--------+

Top non-repeatable levels by time:
     D:2: 746 daAuts
     D:1: 509 daAuts
     D:3: 393 daAuts
